 Dungeon Crawl Stone Soup version 0.24-a0-235-g3f03afcf10 (webtiles) character file.

Game seed: 11389043046049960115

45 Redear the Grasshopper (level 3, -1/16 HPs)
             Began as a Felid Warper on Apr 8, 2019.
             Slain by a scorpion (5 damage)
             ... on level 4 of the Dungeon.
             The game lasted 00:05:52 (2032 turns).

Redear the Grasshopper (Felid Warper)               Turns: 2032, Time: 00:05:53

Health: -1/16      AC:  1    Str:  8    XL:     3   Next: 42%
Magic:  5/7        EV: 19    Int: 14    God:
Gold:   203        SH:  0    Dex: 15    Spells: 4/6 levels left
                                        Lives:  0   Deaths: 1

rFire    . . .     SeeInvis +     - Unarmed
rCold    . . .     Gourm    .   (shield unavailable)
rNeg     . . .     Faith    .   (armour unavailable)
rPois    .         Spirit   .   (helmet unavailable)
rElec    .         Reflect  .   (cloak unavailable)
rCorr    .         Harm     .   (gloves unavailable)
MR       .....     Rnd*Tele +   (boots unavailable)
Stlth    +++.......             (no amulet)
HPRegen  0.05/turn              g - ring of teleportation (curse) {+/*tele}
MPRegen  0.10/turn              (no ring)

@: quick
A: very small, no armour, no weapons or thrown items, stealth, claws 1, fangs 3,
see invisible, carnivore, speed 1, shaggy fur 1, slow metabolism 1, sharp paws
a: no special abilities


You were on level 4 of the Dungeon.
You were not hungry.

You visited 1 branch of the dungeon, and saw 4 of its levels.

You collected 203 gold pieces.

Inventory:

Jewellery
 g - a cursed ring of teleportation (left paw) {+/*tele}
Scrolls
 a - a scroll of enchant weapon {unknown}
 c - a scroll of remove curse {unknown}
 e - a scroll of teleportation {unknown}
 h - a scroll of noise {unknown}
 B - 2 scrolls of blinking {@r4}
 R - a scroll of identify {@r1}
Potions
 b - a potion of berserk rage
 d - a potion of lignification
 f - a potion of agility {Stlth+ Dex+5 EV+5 | @q4}
 H - a potion of haste {@q5}
 Q - a potion of curing {@q2}
Comestibles
 z - 6 rations


   Skills:
 + Level 2.8 Fighting
 + Level 4.3 Dodging
 + Level 2.8 Stealth
 + Level 2.8 Unarmed Combat
 - Level 2.0 Spellcasting
 - Level 4.4 Translocations


You had 4 spell levels left.
You knew the following spells:

 Your Spells              Type           Power        Failure   Level  Hunger
d - Blink                 Tloc           N/A          6%          2    ###....

Your spell library contained the following spells:

 Spells                   Type           Power        Failure   Level  Hunger
 Gell's Gravitas          Tloc           ##........   12%         3    ####...
 Lesser Beckoning         Tloc           ##........   12%         3    ####...
 Teleport Other           Tloc           ##......     12%         3    ####...
 Shroud of Golubria       Chrm/Tloc      #.........   14%         2    ###....
 Passage of Golubria      Tloc           N/A          36%         4    #####..


Dungeon Overview and Level Annotations

Branches:
Dungeon (4/15)
 Temple: D:4-7

Altars:


Innate Abilities, Weirdness & Mutations

You cannot wear armour.
You are incapable of wielding weapons or throwing items.
Your paws allow you to move quietly. (Stealth)
You have sharp claws.
You have razor-sharp teeth.
You have supernaturally acute eyesight. (SInv)
You are carnivorous and can eat meat at any time.
You cover ground quickly.
You are covered in fur. (AC +1)
You have a slow metabolism.
Your sharp claws are effective at attacking unaware monsters.


Message History

You don't know that spell.
Unknown command.
Casting: Blink (safe; 6% risk of failure)
Confirm with . or Enter, or press ? or * to list all spells.
You blink.
A scorpion comes into view.
You now have 5/7 mp.
Unknown command.
Casting: Blink (safe; 6% risk of failure)
Confirm with . or Enter, or press ? or * to list all spells.
Okay, then.
Unknown command.
Unknown command.
Unknown command.
Found a falchion.
The helpless scorpion fails to defend itself.
You claw the scorpion!
The scorpion is severely wounded.
The scorpion stings you.
You die...

##................#
..................#
#..>.............#
##....ยง..a.....(##
##.<...##.....##
##########.### #a#
#.# #@# #s..# ###.#
^.) #.# .# . .


You could see a scorpion and a worker ant.

Vanquished Creatures
  A howler monkey skeleton (D:3)
  4 adders
  An ooze (D:4)
  2 dart slugs (D:2)
  A leopard gecko (D:3)
  2 ball pythons
  3 bats (D:1)
  2 giant cockroaches (D:2)
  4 goblins
  4 hobgoblins
  3 jackals (D:2)
  3 frilled lizards (D:2)
  A kobold (D:3)
  13 rats
44 creatures vanquished.

Notes
Turn   | Place    | Note
-------+----------+-------------------------------------------
     0 | D:1      | Redear the Felid Warper began the quest for the Orb.
     0 | D:1      | Reached XP level 1. HP: 9/9 MP: 4/4
   165 | D:1      | Reached skill level 1 in Stealth
   345 | D:1      | Reached XP level 2. HP: 13/13 MP: 6/6
   616 | D:2      | Learned a level 2 spell: Blink
   697 | D:2      | Reached skill level 2 in Stealth
   697 | D:2      | Reached XP level 3. HP: 16/16 MP: 7/7
   886 | D:2      | Reached skill level 4 in Dodging
  1640 | D:3      | Reached XP level 4. HP: 19/20 MP: 8/8
  1902 | D:3      | Killed from afar by an orc priest
  1903 | D:3      | Reached XP level 3. HP: -5/16 MP: 7/7
  2026 | D:4      | Noticed a scorpion
  2032 | D:4      | Slain by a scorpion

Levels and vault maps discovered:
D:1:      dpeg_arrival_simpleton_a, layout_basic
D:2:      layout_rooms, serial_bayou, serial_bayou_shore_a, serial_bayou_pond_a,
          serial_bayou_pond_e, serial_bayou_ford_a, first_ration,
          kennysheep_pointless_box, minmay_octomino_e4
D:3:      layout_basic
D:4:      layout_rooms, minmay_temple_entry_wispy, minmay_close_crescents

Skill      XL: |  1  2  3 |
---------------+----------+-----
Stealth        | 1 2 |  2.8
Dodging        | 4 |  4.3
Fighting       | |  2.8
Unarmed Combat | |  2.8
Spellcasting   | |  2.0
Translocations | |  4.4

Action                   |  1- 3 |  4- 6 || total
-------------------------+-------+-------++-------
Melee: Unarmed           |   125 |    29 ||   154
       Bite              |    13 |     2 ||    15
       Punch             |     1 |       ||     1
 Cast: Blink             |     1 |       ||     1
  Use: Potion            |     2 |       ||     2
       Scroll            |       |     3 ||     3
 Stab: Sleeping          |     7 |     1 ||     8
Armor: Skin              |     6 |       ||     6
Dodge: Dodged            |    99 |    15 ||   114

Table legend:
 A = Non-vault XP
 B = Vault XP
 C = Vault XP percentage of total XP
 D = Non-vault monster count
 E = Vault monster count
 F = Vault count percentage of total count
                 A         B        C        D         E       F
            +---------+---------+-------+---------+---------+-------
      Total |     114 |      21 |  15.6 |      40 |       4 |   9.1
            +---------+---------+-------+---------+---------+-------
        D:1 |      17 |       0 |   0.0 |      13 |       0 |   0.0
        D:2 |      53 |      21 |  28.4 |      18 |       4 |  18.2
        D:3 |      37 |       0 |   0.0 |       8 |       0 |   0.0
        D:4 |       7 |       0 |   0.0 |       1 |       0 |   0.0
            +---------+---------+-------+---------+---------+-------
